 Dungeon Crawl Stone Soup version 0.28-a0-533-g9f97627e2a (webtiles) character file.

Game seed: 4190326145050795154

949 AttackTheMoon the Chopper (level 8, 0/71 HPs)
             Began as a Hill Orc Monk on Sept 25, 2021.
             Was a Believer of Beogh.
             Slain by a yak (3 damage)
             ... on level 4 of the Dungeon.
             The game lasted 00:08:20 (4548 turns).

AttackTheMoon the Chopper (Hill Orc Monk)           Turns: 4548, Time: 00:08:21

Health: 0/71       AC: 11    Str: 26    XL:     8   Next: 13%
Magic:  0/21       EV:  9    Int: 12    God:    Beogh [**....]
Gold:   165        SH:  0    Dex: 13    Spells: 7/7 levels left

rFire   . . .      SeeInvis .   f - +0 war axe
rCold   . . .      Faith    .   (no shield)
rNeg    . . .      Spirit   +   g - +1 chain mail
rPois   .          Reflect  .   (no helmet)
rElec   .          Harm     .   (no cloak)
rCorr   .          Rampage  .   (no gloves)
Will    .....                   (no boots)
Stlth   ..........              i - amulet of guardian spirit
HPRegen 0.21/turn               c - ring "Viydgh" {MP+9 Str+4 Int+2}
MPRegen 0.17/turn               j - +6 ring of strength

@: mighty, studying Armour
A: no striking features
a: Renounce Religion, Smiting


You were on level 4 of the Dungeon.
You worshipped Beogh.
Beogh was pleased with you.
You visited 1 branch of the dungeon, and saw 5 of its levels.

You collected 165 gold pieces.

Inventory:

Hand Weapons
 a - a +0 hand axe
 f - a +0 war axe (weapon)
Armour
 b - a +0 robe
 g - a +1 chain mail (worn)
Jewellery
 c - the ring "Viydgh" (left hand) {MP+9 Str+4 Int+2}
   (You acquired it on level 2 of the Dungeon)

   [ring of magical power]

   Str:       It affects your strength (+4).
   Int:       It affects your intelligence (+2).
   MP:        It affects your magic capacity (+9).
 d - a +6 ring of intelligence
 i - an amulet of guardian spirit (around neck)
 j - a +6 ring of strength (right hand)
 k - a ring of resist corrosion
Scrolls
 l - a scroll of vulnerability
Potions
 e - a potion of cancellation


   Skills:
 + Level 6.5 Fighting
 + Level 7.1 Axes
 + Level 5.6 Armour
 - Level 2.4 Dodging
 - Level 1.5 Stealth
 + Level 5.6 Invocations


You had 7 spell levels left.
You didn't know any spells.
Your spell library contained the following spells:

 Spells                   Type           Power      Damage    Failure   Level
 Animate Skeleton         Necr           0%         N/A       88%         1
 Apportation              Tloc           0%         N/A       88%         1
 Magic Dart               Conj           0%         1d3       88%         1
 Summon Small Mammal      Summ           0%         N/A       88%         1
 Call Imp                 Summ           0%         N/A       96%         2
 Corpse Rot               Necr/Air       N/A        N/A       96%         2
 Poisonous Vapours        Pois/Air       0%         N/A       96%         2
 Slow                     Hex            0%         N/A       96%         2
 Static Discharge         Conj/Air       0%         N/A       96%         2
 Confusing Touch          Hex            0%         N/A       99%         3
 Inner Flame              Hex/Fire       0%         N/A       99%         3
 Mephitic Cloud           Conj/Pois/Air  0%         N/A       99%         3
 Vampiric Draining        Necr           0%         2d6       99%         3
 Cause Fear               Hex            0%         N/A       100%        4
 Lightning Bolt           Conj/Air       0%         1d11      100%        5
 Discord                  Hex            0%         N/A       100%        8
 Maxwell's Capacitive Co  Air            0%         ∞         100%        8


Dungeon Overview and Level Annotations

Branches:
Dungeon (5/15)             Temple (0/1) D:5

Altars:


Message History

You are too injured to fight recklessly!
You slash the yak!
You kill the yak!
Beogh accepts your kill.
You hit the yak but do no damage.
The yak gores you but does no damage. x2
Your Axes skill increases to level 7!
You have reached level 8!
You hit the yak.
The yak is lightly wounded.
The yak gores you.
You slash the yak!
The yak is heavily wounded.
The yak gores you!
* * * LOW HITPOINT WARNING * * *
Okay, then.
As you read the scroll of fear, it crumbles to dust.
You assume a fearsome visage.
The yak looks frightened!
You see here a yak corpse.
You start resting.
A yak is nearby!
The yak gores you.
You barely miss the yak.
The yak is moderately wounded.
The yak gores you.
* * * LOW HITPOINT WARNING * * *
Your chain mail prevents you from hitting the yak.
The yak is moderately wounded.
The yak gores you!
* * * LOW HITPOINT WARNING * * *
Okay, then.
Okay, then.
It was a potion of might.
You feel very mighty all of a sudden. The yak gores you!
* * * LOW HITPOINT WARNING * * *
Unknown command.
You slash the yak!
The yak is severely wounded.
The yak gores you.
You die...

........Y..# #.......####.# #.#
####..#.#..# ####.#(......#####..
# #....#..# ##.#########...... #
#.....÷.# #...# #.#.#.. ##...†>##
#...# #.#.#.. ## ##.###### #...#
#.#...^ .####.......#
#...########.#.##.
....#..####.####...#........#....
....#..####....Y@.......##.......
........................##.##....
....#..####.............##.##.#>#
....#..####.##.#...#.##.##.##.#.#
.####........#.#...#.......##.#.#
## ##..####.#.#...#.##.#####.#.#
##.####.#.#...#.##.## #..... ###
#.##.........#.#...###.####
..#####.##.#.#............##.#


You could see a yak.

Vanquished Creatures
  3 yaks (D:4)
  An ogre (D:4)
  A phantom (D:4)
  A scorpion (D:4)
  A bullfrog zombie (D:5)
  4 hounds
  An orc wizard (D:4)
  A hound skeleton (D:4)
  2 adders
  An ufetubus (D:4)
  2 worms
  3 dart slugs
  5 orcs
  7 ball pythons
  12 bats
  5 endoplasms
  4 giant cockroaches
  5 goblins
  9 hobgoblins
  6 jackals
  11 kobolds
  2 quokkas
  2 frilled lizards (D:2)
  A rat (D:1)
90 creatures vanquished.

Vanquished Creatures (others)
  A hound skeleton (D:4)
1 creature vanquished.

Grand Total: 91 creatures vanquished

Notes
Turn   | Place    | Note
-------+----------+-------------------------------------------
     0 | D:1      | AttackTheMoon the Hill Orc Monk began the quest for the
                  | Orb.
     0 | D:1      | Reached XP level 1. HP: 19/19 MP: 1/1
   296 | D:1      | Reached XP level 2. HP: 17/27 MP: 2/2
   298 | D:1      | Reached skill level 1 in Invocations
   666 | D:1      | Reached skill level 1 in Armour
   839 | D:1      | Reached XP level 3. HP: 30/33 MP: 4/4
   953 | D:1      | Found a faded altar of an unknown god.
  1536 | D:2      | Identified a scroll of acquirement
  1536 | D:2      | Acquired the ring "Viydgh" {MP+9 Str+4 Int+2}
  1939 | D:2      | Reached XP level 4. HP: 35/41 MP: 5/5
  2368 | D:3      | Reached skill level 5 in Axes
  2863 | D:3      | Reached XP level 5. HP: 47/47 MP: 6/6
  3228 | D:4      | Noticed an ogre
  3533 | D:4      | Reached skill level 5 in Fighting
  3533 | D:4      | Reached XP level 6. HP: 52/56 MP: 8/8
  3544 | D:4      | Became a worshipper of Beogh the Brigand
  3544 | D:4      | Reached * piety under Beogh
  3544 | D:4      | Reached ** piety under Beogh
  3784 | D:4      | Reached skill level 6 in Axes
  3784 | D:4      | Reached XP level 7. HP: 61/61 MP: 10/10
  3800 | D:4      | Acquired a manual of Armour
  4067 | D:5      | Entered Level 5 of the Dungeon
  4165 | D:5      | Found a staircase to the Ecumenical Temple.
  4215 | D:5      | Noticed a yak
  4215 | D:5      | Noticed a yak
  4215 | D:5      | Noticed a yak
  4289 | D:4      | Killed a yak
  4459 | D:5      | Noticed a yak
  4478 | D:4      | Killed a yak
  4479 | D:4      | Reached skill level 5 in Armour
  4479 | D:4      | Reached skill level 5 in Invocations
  4508 | D:4      | Killed a yak
  4509 | D:4      | Reached skill level 7 in Axes
  4509 | D:4      | Reached XP level 8. HP: 31/71 MP: 8/12
  4547 | D:4      | HP: 2/71 [yak (6)]
  4548 | D:4      | Slain by a yak

Illustrated notes

Levels and vault maps discovered:
D:1:      eino_arrival_druids_welcome, layout_basic, basic_ecumenical_altar
D:2:      layout_rooms
D:3:      layout_basic, grunt_decor_resistance
D:4:      layout_loops_cross, solitary_fountain
D:5:      layout_cave_pools, temple_hall, ebering_ghost_sewer_f,
          grunt_ministairs_6

Skill      XL: |  1  2  3  4  5  6  7 |
---------------+----------------------+-----
Invocations    | 1 2 3 4 5 |  5.6
Armour         | 1 2 3 5 |  5.6
Fighting       | 4 5 6 |  6.5
Axes           | 5 6 7 |  7.1
Dodging        | |  2.4
Stealth        | |  1.5

Action                   |  1- 3 |  4- 6 |  7- 9 || total
-------------------------+-------+-------+-------++-------
Melee: Hand axe          |   139 |    67 |       ||   206
       War axe           |       |    61 |    57 ||   118
Invok: Convert to Beogh  |       |     1 |       ||     1
  Use: Scroll            |     4 |     2 |     2 ||     8
       Potion            |       |       |     1 ||     1
 Stab: Sleeping          |     5 |       |       ||     5
Armor: Robe              |    17 |       |       ||    17
       Chain mail        |    51 |    77 |    34 ||   162
Dodge: Dodged            |    83 |    73 |    39 ||   195

Table legend: (Time is in decaauts)
 A = Elapsed time spent in this place.
 B = Non-inter-level travel time spent in this place.
 C = Inter-level travel time spent in this place.
 D = Time resting spent in this place.
 E = Time spent auto-exploring this place.
 F = Levels seen in this place.
 G = Mean time per level.
                   A        B        C        D        E       F      G
               +--------+--------+--------+--------+--------+-----+--------+
         Total |   4588 |   4451 |    137 |    539 |   3063 |   5 |  917.6 |
       Dungeon |   4588 |   4451 |    137 |    539 |   3063 |   5 |  917.6 |
               +--------+--------+--------+--------+--------+-----+--------+

Top non-repeatable levels by time:
     D:1: 1380 daAuts
     D:4: 1181 daAuts
     D:3: 977 daAuts
     D:2: 808 daAuts
     D:5: 239 daAuts
